 Dungeon Crawl Stone Soup version 0.29.0-7-g18a832c13a (webtiles) character file.

Game seed: 13045115274431031703

123 SnakkuSnakku7 the Magician (level 5, 0/40 HPs)
             Began as a Djinni Chaos Knight on Aug 30, 2022.
             Was a Plaything of Xom.
             Killed from afar by a white imp (7 damage)
             ... with a puff of frost
             ... on level 3 of the Dungeon.
             The game lasted 00:03:11 (1803 turns).

SnakkuSnakku7 the Magician (Djinni Chaos Knight)    Turns: 1803, Time: 00:03:12

Health: 0/40       AC:  6    Str: 11    XL:     5   Next: 29%
Gold:   210        EV: 12    Int: 15    God:    Xom [..*...] SH:  0 Dex: 19

rFire   + + .      SeeInvis .   a - +1 whip (elec)
rCold   . . .      Faith    .   (no shield)
rNeg    . . .      Spirit   .   b - +2 leather armour
rPois   ∞          Reflect  .   d - +0 helmet
rElec   .          Harm     .   (no cloak)
rCorr   .          Rampage  .   (no gloves)
Will    .....                   (boots unavailable)
Stlth   +.........              (no amulet)
HPRegen 0.13/turn               l - +6 ring of dexterity
MPRegen 0.00/turn               v - ring of protection from cold

@: flying, hasted, very quick
A: sickness immunity, fire resistance 2, cold vulnerability 1, float, innate
caster, HP casting, extra vitality 1
a: Renounce Religion


You were on level 3 of the Dungeon.
You worshipped Xom.
You were a toy of Xom.
You visited 1 branch of the dungeon, and saw 3 of its levels.

You collected 210 gold pieces.

Inventory:

Hand Weapons
 a - a +1 whip of electrocution (weapon)
 r - a +0 falchion of chaos
Missiles
 i - 4 poisoned darts
 s - 2 throwing nets
Armour
 b - a +2 leather armour (worn)
 d - a +0 helmet (worn)
Jewellery
 l - a +6 ring of dexterity (left hand)
 v - a ring of protection from cold (right hand)
 w - a ring of positive energy
Wands
 t - a wand of charming (10)
Scrolls
 e - 2 scrolls of enchant weapon {unknown}
 f - 2 scrolls of summoning {unknown}
 g - a scroll of fear {unknown}
 h - 2 scrolls of identify {unknown}
 j - 2 scrolls of teleportation {unknown}
 m - 3 scrolls of magic mapping {unknown}
 o - a scroll of blinking {unknown}
 p - a scroll of poison {unknown}
 q - a scroll of brand weapon {unknown}
Potions
 k - a potion of brilliance {unknown}
 n - 2 potions of attraction {unknown}
 u - a potion of lignification {unknown}
Miscellaneous
 c - a piece from Xom's chessboard (15/15)


   Skills:
 - Level 3.0 Fighting
 - Level 2.6 Long Blades
 - Level 1.0 Armour
 - Level 2.1 Dodging
 + Level 3.3 Spellcasting


You had 7 spell levels left.
You knew the following spells:

 Your Spells              Type           Power      Damage    Failure   Level
a - Poisonous Vapours     Pois/Air       24%        N/A       10%         2
z - Sandblast             Erth           24%        2d8       6%          1
Your spell library was empty.

Dungeon Overview and Level Annotations

Branches:
Dungeon (3/15)

Altars:


Innate Abilities, Weirdness & Mutations

You are immune to sickness and miasma.
You are immune to poison.
Your flesh is very heat resistant. (rF++)
You are vulnerable to cold. (rC-)
You float through the air rather than walking.
You learn spells naturally, not from books.
Your magical power is your life essence.
You have superior vitality. (+4 MHP)


Message History

A worm comes into view.
You see here a scroll labelled HOCKA ICOILOIN.
Aiming: Sandblast (safe; 7% risk of failure)
Press: ? - help, Q - select action, (/) - cycle Shift-Dir - straight line, f - adder
Aim: an adder (70% to hit)
The blast of sand hits the adder!
You kill the adder!
Unknown command.
Aiming: Sandblast (safe; 6% risk of failure)
Press: ? - help, Q - select action, (/) - cycle Shift-Dir - straight line, f - you That would be overly suicidal.
Okay, then.
Unknown command.
Found a fuming cyan potion.
A white imp comes into view.
Found a glowing white potion.
The white imp shouts!
The worm completely misses you.
You hit the worm but do no damage. Lightning courses through the worm!!
You kill the worm!
The white imp gestures at you. The puff of frost hits you!
Aiming: Sandblast (safe; 6% risk of failure)
Press: ? - help, Q - select action, (/) - cycle Shift-Dir - straight line, f - white imp
Aim: a white imp (82% to hit)
The blast of sand hits the white imp!
The white imp is almost dead.
The white imp gestures at you. The puff of frost hits you!
* * * LOW HITPOINT WARNING * * *
Aiming: Sandblast (safe; 6% risk of failure)
Press: ? - help, Q - select action, (/) - cycle Shift-Dir - straight line, f/p - white imp
Aim: a white imp (almost dead, 82% to hit)
The blast of sand hits the white imp but does no damage.
The white imp is almost dead.
* * * LOW HITPOINT WARNING * * *
The white imp gestures at you. The puff of frost hits you!
You die... "What!?
That's it?"

############
.....#....!##
(......!.....##
######......[...5.....#
......................#
######..........@.....##
.†.......≈.≈.......≈...##
#)##...#.....#...#......#
#....≈....#....§....#.#.
##.#...#.....#...#......#
##.......≈.≈.§.....≈.§...
#...≈.≈......?≈§≈..(.....
#.#..†..#...#.§...#...#..
#....#....≈....#...§≈....


You could see a white imp.

Vanquished Creatures
  Jessica (D:2)
  3 adders
  A worm (D:3)
  2 dart slugs
  An orc (D:3)
  4 endoplasms
  3 giant cockroaches
  6 goblins
  6 hobgoblins
  2 jackals (D:3)
  2 quokkas
  4 ball pythons
  3 bats
  3 frilled lizards
  10 kobolds
  8 rats
59 creatures vanquished.

Vanquished Creatures (collateral kills)
  A giant cockroach (D:2)
  A quokka (D:2)
2 creatures vanquished.

Vanquished Creatures (others)
  A bat zombie (D:2)
1 creature vanquished.

Grand Total: 62 creatures vanquished

Notes
Turn   | Place    | Note
-------+----------+-------------------------------------------
     0 | D:1      | SnakkuSnakku7 the Djinni Chaos Knight began the quest for
                  | the Orb.
     0 | D:1      | Reached XP level 1. HP: 20/20 MP: 0/0
    90 | D:1      | XOM: silly message
   101 | D:1      | XOM: divination: detect creatures
   290 | D:1      | Reached skill level 1 in Spellcasting
   290 | D:1      | Reached XP level 2. HP: 23/25 MP: 0/0
   441 | D:1      | XOM: silly message
   496 | D:1      | Reached XP level 3. HP: 25/30 MP: 0/0
   496 | D:1      | Learned a level 1 spell: Sandblast
   891 | D:2      | Noticed Jessica
   908 | D:2      | Killed Jessica
   909 | D:2      | Reached XP level 4. HP: 32/35 MP: 0/0
  1032 | D:2      | XOM: silly message
  1309 | D:2      | XOM: silly message
  1407 | D:2      | XOM: silly message
  1595 | D:2      | Reached XP level 5. HP: 30/40 MP: 0/0
  1595 | D:2      | Learned a level 2 spell: Poisonous Vapours
  1766 | D:3      | XOM: potion effect (haste)
  1803 | D:3      | Killed from afar by a white imp

Illustrated notes

Levels and vault maps discovered:
D:1:      minmay_arrival_nine_rooms, layout_loops_cross
D:2:      kb_forest_paths, layout_basic, supply_closet_lemuel, uniq_jessica
D:3:      layout_rooms, nicolae_kite_square_tiling_tiny

Skill      XL: |  1  2  3  4 |
---------------+-------------+-----
Spellcasting   | 1 2 3 |  3.3
Fighting       | |  3.0
Long Blades    | |  2.6
Armour         | |  1.0
Dodging        | |  2.1

Action                   |  1- 3 |  4- 6 || total
-------------------------+-------+-------++-------
Melee: Falchion          |    67 |     4 ||    71
       Whip              |       |    70 ||    70
 Cast: Sandblast         |     2 |    13 ||    15
 Stab: Sleeping          |     1 |     2 ||     3
       Distracted        |     1 |       ||     1
Armor: Leather armour    |    26 |    26 ||    52
Dodge: Dodged            |    51 |    46 ||    97
